 Dungeon Crawl Stone Soup version 0.23.2-33-g5129a83184 (webtiles) character file.

Game seed: 6803002063679486394

121 Folque the Digger (level 4, -3/57 HPs)
             Began as a Draconian Earth Elementalist on June 26, 2019.
             Killed from afar by an orc wizard (5 damage)
             ... with a magic dart
             ... on level 3 of the Dungeon.
             The game lasted 00:06:42 (1862 turns).

Folque the Digger (Draconian Earth Elementalist)    Turns: 1862, Time: 00:06:43

Health: -3/57      AC:  6    Str: 16    XL:     4   Next: 76%
Magic:  0/8        EV: 12    Int: 16    God:
Gold:   109        SH:  0    Dex: 11    Spells: 2/8 levels left

rFire    . . .     SeeInvis .   i - +0 dagger
rCold    . . .     Gourm    .   (no shield)
rNeg     . . .     Faith    .   (armour unavailable)
rPois    .         Spirit   .   (helmet restricted)
rElec    .         Reflect  .   (no cloak)
rCorr    .         Harm     .   l - +0 pair of gloves
MR       .....                  (no boots)
Stlth    ..........             (no amulet)
HPRegen  0.19/turn              (no ring)
MPRegen  0.11/turn              (no ring)

@: berserking, very quick
A: unfitting armour, cold-blooded, AC +5
a: no special abilities


You were on level 3 of the Dungeon.
You were not hungry.

You visited 1 branch of the dungeon, and saw 3 of its levels.

You collected 109 gold pieces.

Inventory:

Hand Weapons
 i - a +0 dagger (weapon)
Missiles
 b - 105 stones (quivered)
Armour
 l - a +0 pair of gloves (worn)
Jewellery
 p - an uncursed amulet of the acrobat {unknown}
Scrolls
 a - 3 scrolls of teleportation
 d - a scroll of remove curse {unknown}
 e - a scroll of immolation {unknown}
 h - 2 scrolls of fear {unknown}
 j - 3 scrolls of enchant weapon {unknown}
 m - a scroll of magic mapping {unknown}
 n - a scroll of enchant armour {unknown}
 o - a scroll of identify {unknown}
Potions
 k - a potion of haste {unknown}
Comestibles
 c - 4 rations


   Skills:
 - Level 3.0 Fighting
 - Level 1.7 Dodging
 - Level 1.7 Stealth
 + Level 2.8 Spellcasting
 * Level 1.1 Conjurations
 - Level 1.0 Transmutations
 + Level 3.7 Earth Magic


You had 2 spell levels left.
You knew the following spells:

 Your Spells              Type           Power        Failure   Level  Hunger
a - Sandblast             Erth           ##....       4%          1    #......
b - Passwall              Tmut/Erth      #.......     11%         2    ##.....
c - Stone Arrow           Conj/Erth      ##....       21%         3    ###....

Your spell library contained the following spells:

 Spells                   Type           Power        Failure   Level  Hunger
 Petrify                  Tmut/Erth      #.......     56%         4    #####..
 Lee's Rapid Deconstruct  Erth           ##........   75%         5    ######.


Dungeon Overview and Level Annotations

Branches:
Dungeon (3/15)

Altars:

Annotations:
D:2 Terence


Innate Abilities, Weirdness & Mutations

Your plain brown scales are hard. (AC +5)
You cannot fit into any form of body armour.
You are cold-blooded and may be slowed by cold attacks.


Message History

The orc priest hits you but does no damage.
You hit the orc priest but do no damage.
The orc priest is heavily wounded.
The orc wizard casts a spell at you. The magic dart hits you!
* * * LOW HITPOINT WARNING * * *
The orc wizard mumbles some strange words.
The orc wizard blinks!
The orc priest hits you with a +0 falchion.
* * * LOW HITPOINT WARNING * * *
It was a potion of berserk rage.
A red film seems to cover your vision as you go berserk!
You feel yourself moving faster!
You feel mighty!
The orc wizard hits you but does no damage.
You closely miss the orc priest. You tail-slap the orc priest.
The orc priest is almost dead.
The orc priest barely misses you. The orc wizard casts a spell at you.
The magic dart hits you.
You die...

#.....†.....#
#......?....#
#...........#
............#
.#).##########
#.# #)#
##o####
##.o@..##
#.......##
##.......#
##......#
##.....#
#.....#
#.....#
#.....#
#.....#


You could see an orc priest and an orc wizard.

Vanquished Creatures
  A howler monkey (D:2)
  2 adders
  An ooze (D:2)
  A worm (D:2)
  4 dart slugs
  A leopard gecko (D:1)
  3 orcs (D:3)
  5 bats
  4 giant cockroaches
  2 goblins
  3 hobgoblins
  5 jackals (D:2)
  A kobold (D:2)
  2 quokkas
  A ball python (D:1)
  3 frilled lizards (D:2)
  7 rats
46 creatures vanquished.

Notes
Turn   | Place    | Note
-------+----------+-------------------------------------------
     0 | D:1      | Folque the Draconian Earth Elementalist began the quest for
                  | the Orb.
     0 | D:1      | Reached XP level 1. HP: 14/14 MP: 3/3
   338 | D:1      | Reached skill level 1 in Fighting
   369 | D:1      | Reached XP level 2. HP: 20/23 MP: 5/5
   376 | D:1      | Learned a level 2 spell: Passwall
   713 | D:2      | Noticed Terence
   788 | D:2      | Reached XP level 3. HP: 21/29 MP: 3/6
   819 | D:2      | Reached XP level 4. HP: 19/37 MP: 1/7
  1096 | D:2      | Learned a level 3 spell: Stone Arrow
  1736 | D:3      | Reached skill level 1 in Conjurations
  1860 | D:3      | HP: 1/38 [orc priest/+0 falchion (5)]
  1862 | D:3      | Killed from afar by an orc wizard

Skill      XL: |  1  2  3  4 |
---------------+-------------+-----
Fighting       | 1 2 3 |  3.0
Conjurations   | 1 |  1.1
Dodging        | |  1.7
Stealth        | |  1.7
Spellcasting   | |  2.8
Transmutations | |  1.0
Earth Magic    | |  3.7

Action                   |  1- 3 |  4- 6 || total
-------------------------+-------+-------++-------
Melee: Unarmed           |    33 |       ||    33
       Dagger            |    68 |    71 ||   139
       Tailslap          |     8 |     7 ||    15
 Cast: Sandblast         |    15 |    16 ||    31
       Stone Arrow       |       |     9 ||     9
  Use: Potion            |       |     2 ||     2
       Scroll            |       |     1 ||     1
 Stab: Sleeping          |     3 |       ||     3
  Eat: Chunk             |       |     2 ||     2
       Ration            |       |     1 ||     1
Armor: Skin              |    46 |    31 ||    77
Dodge: Dodged            |    93 |    82 ||   175
